 Dungeon Crawl Stone Soup version 0.32-a0-338-g4f8ebfe289 (webtiles) character file.

Game seed: 471941258598473799

1560057 chuckiee3 the Slayer (level 24, 247/247 HPs)
             Began as a Minotaur Fighter on Feb 12, 2024.
             Was a High Priest of Okawaru.
             Escaped with the Orb
             ... and 3 runes on Feb 17, 2024!
             The game lasted 03:43:59 (74779 turns).

chuckiee3 the Slayer (Minotaur Fighter)            Turns: 74779, Time: 03:43:59

Health: 247/247    AC: 40    Str: 30    XL:     24   Next: 95%
Magic:  32/32      EV: 20    Int: 14    God:    Okawaru [*****.]
Gold:   1747       SH: 24    Dex: 12    Spells: 23/23 levels left

rFire   + . .        f - +18 lance "Wyrmbane" {slay drac, rPois rF+ rC+ AC+3}
rCold   + + .        D - +3 kite shield {AC+3}
rNeg    + . .        G - +9 shadow dragon scales of the Stars {Slay+5 Stlth++++}
rPois   +            P - +2 hat
rElec   +            i - +0 cloak
rCorr   +            W - +3 pair of gauntlets of War {Slay+5}
SInv    +            r - +0 pair of boots
Will    ++...        B - amulet of Mathric {Reflect rCorr SH+5 SInv}
Stlth   ++           k - ring "Gid Wink" {rElec Will+ EV+5 Str+3}
HPRegen 0.61/turn    J - ring of Sif Muna's Generosity {rC+ rN+ Str+2 Int+3 Slay+4}
MPRegen 0.23/turn

%: reflection, clarity
@: no status effects
A: horns 2, retaliatory headbutt, claws 1, clarity, clever 1, deformed body,
weak 1
0: Orb of Zot
}: 3/15 runes: serpentine, barnacled, slimy
a: Renounce Religion, Heroism, Finesse, Duel


You escaped.
You worshipped Okawaru.
Okawaru was extremely pleased with you.
You visited 11 branches of the dungeon, and saw 52 of its levels.
You also visited: Ossuary and Bailey.

You collected 8529 gold pieces.
You spent 6782 gold pieces at shops.

Inventory:

Hand Weapons
 f - the +18 lance "Wyrmbane" (weapon) {slay drac, rPois rF+ rC+ AC+3}
   (You bought it in a shop on level 3 of the Dungeon)

   AC+3:      It affects your AC (+3).
   rF+:       It protects you from fire.
   rC+:       It protects you from cold.
   rPois:     It protects you from poison
 t - the +8 demon trident "Rift" {distort, reach+}
   (You found it on level 2 of the Vaults)
 X - the +8 demon trident of the Wheel {venom, rCorr Str-3 Dex+7 Stlth+}
   (Okawaru gifted it to you on level 12 of the Dungeon)

   Str-3:     It affects your strength (-3).
   Dex+7:     It affects your dexterity (+7).
   rCorr:     It protects you from acid and corrosion.
   Stlth+:    It makes you more stealthy.
Missiles
 j - 18 silver javelins (quivered)
 y - 3 throwing nets
 H - 38 javelins
 I - 12 curare-tipped darts
 M - 14 darts of dispersal
Armour
 i - a +0 cloak (worn)
 r - a +0 pair of boots (worn)
 s - +1 gold dragon scales
 D - a +3 kite shield of protection (worn)
 G - the +9 shadow dragon scales of the Stars (worn) {Slay+5 Stlth++++}
   (You acquired it on level 1 of the Elven Halls)

   Slay+5:    It affects your accuracy & damage with ranged weapons and melee
   (+5).
   Stlth++++: It makes you much more stealthy.
 P - a +2 hat (worn)
 W - the +3 pair of gauntlets of War (worn) {Slay+5}
   (You bought it in a shop on level 3 of the Elven Halls)

   Slay+5:    It affects your accuracy & damage with ranged weapons and melee
   (+5).
Jewellery
 b - the ring of Bailiyghyo {rPois Int+3}
   (You took it off a deep elf pyromancer on level 3 of the Elven Halls)

   [ring of poison resistance]

   Int+3:     It affects your intelligence (+3).
   rPois:     It protects you from poison
 g - a ring of flight
 h - an amulet of regeneration
 k - the ring "Gid Wink" (left hand) {rElec Will+ EV+5 Str+3}
   (You bought it in a shop on level 3 of the Dungeon)

   [ring of evasion]

   EV+5:      It affects your evasion (+5).
   Str+3:     It affects your strength (+3).
   rElec:     It insulates you from electricity.
   Will+:     It increases your willpower.
 m - an amulet of the acrobat
 B - the amulet of Mathric (around neck) {Reflect rCorr SH+5 SInv}
   (You bought it in a shop on level 4 of the Snake Pit)

   [amulet of reflection]

   Reflect:   It reflects blocked missile attacks.
   SInv:      It lets you see invisible.
   rCorr:     It protects you from acid and corrosion.
   SH+5:      It affects your SH (+5).
 J - the ring of Sif Muna's Generosity (right hand) {rC+ rN+ Str+2 Int+3 Slay+4}
   (You found it on level 5 of the Pits of Slime)

   [ring of slaying]

   Str+2:     It affects your strength (+2).
   Int+3:     It affects your intelligence (+3).
   Slay+4:    It affects your accuracy & damage with ranged weapons and melee
   (+4).
   rC+:       It protects you from cold.
   rN+:       It protects you from negative energy.
 N - a +6 ring of strength
 R - a ring of positive energy
Wands
 o - a wand of flame (59)
 z - a wand of light (19)
 A - a wand of roots (56)
 S - a wand of polymorph (11)
 Y - a wand of mindburst (39)
 Z - a wand of digging (17)
Scrolls
 a - 5 scrolls of fear
 n - a scroll of immolation
 w - 3 scrolls of brand weapon
 x - 5 scrolls of enchant weapon
 L - 3 scrolls of noise
 O - a scroll of amnesia
 Q - 3 scrolls of silence
Potions
 d - 2 potions of mutation
 e - 6 potions of cancellation
 l - 22 potions of curing
 q - 8 potions of brilliance
 u - a potion of lignification
 C - 5 potions of enlightenment
 E - 3 potions of berserk rage
 F - 6 potions of magic
 K - 2 potions of heal wounds
 T - 2 potions of might


   Skills:
 * Level 26.5 Fighting
 - Level 11.0 Maces & Flails
 - Level 14.9 Polearms
 * Level 14.5 Throwing
 * Level 18.6 Armour
 * Level 16.2 Dodging
 + Level 5.8 Stealth
 * Level 23.8 Shields
 * Level 13.7 Invocations
 * Level 13.8 Evocations


You had 23 spell levels left.
You didn't know any spells.
Your spell library contained the following spells:

 Spells                   Type           Power      Damage    Failure   Level
 Foxfire                  Conj/Fire      0%         2x1d4     65%         1
 Freeze                   Ice            0%         1d3       65%         1
 Kiss of Death            Conj/Necr      0%         2d5       65%         1
 Magic Dart               Conj           0%         1d3       65%         1
 Slow                     Hex            0%         N/A       65%         1
 Sting                    Conj/Alch      0%         1d3       65%         1
 Blink                    Tloc           0%         N/A       78%         2
 Cigotuvi's Dreadful Rot  Necr/Alch/Air  0%         N/A       78%         2
 Ensorcelled Hibernation  Hex/Ice        0%         N/A       78%         2
 Jinxbite                 Hex            0%         N/A       78%         2
 Lesser Beckoning         Tloc           0%         N/A       78%         2
 Mercury Vapours          Alch/Air       0%         N/A       78%         2
 Momentum Strike          Conj/Tloc      0%         3d8       78%         2
 Scorch                   Fire           0%         2d5       78%         2
 Searing Ray              Conj           0%         2d4       78%         2
 Static Discharge         Conj/Air       0%         3-3/arc   78%         2
 Sublimation of Blood     Necr           0%         N/A       78%         2
 Confusing Touch          Hex            0%         N/A       95%         3
 Frozen Ramparts          Ice            0%         1d1       95%         3
 Fugue of the Fallen      Necr           0%         N/A       95%         3
 Gell's Gravitas          Tloc           0%         N/A       95%         3
 Hailstorm                Conj/Ice       0%         3d5       95%         3
 Inner Flame              Hex/Fire       0%         N/A       95%         3
 Mephitic Cloud           Conj/Alch/Air  0%         N/A       95%         3
 Passwall                 Erth           0%         N/A       95%         3
 Sigil of Binding         Hex            0%         N/A       95%         3
 Stone Arrow              Conj/Erth      0%         3d7       95%         3
 Swiftness                Air            0%         N/A       95%         3
 Teleport Other           Tloc           0%         N/A       95%         3
 Vampiric Draining        Necr           0%         2d6       95%         3
 Volatile Blastmotes      Fire/Tloc      0%         2d10      95%         3
 Airstrike                Air            0%         2d(0-16)  100%        4
 Anguish                  Hex/Necr       0%         N/A       100%        4
 Dimensional Bullseye     Hex/Tloc       0%         N/A       100%        4
 Dispel Undead            Necr           0%         3d6       100%        4
 Flame Wave               Conj/Fire      0%         2d4       100%        4
 Fulminant Prism          Conj/Alch      0%         3d5       100%        4
 Ignite Poison            Fire/Alch      0%         N/A       100%        4
 Iskenderun's Mystic Bla  Conj/Tloc      0%         2d3       100%        4
 Olgreb's Toxic Radiance  Alch           0%         N/A       100%        4
 Passage of Golubria      Tloc           0%         N/A       100%        4
 Vhi's Electric Charge    Tloc/Air       0%         N/A       100%        4
 Arcjolt                  Conj/Air       0%         1d10      100%        5
 Freezing Cloud           Conj/Ice/Air   0%         6-21      100%        5
 Irradiate                Conj/Alch      0%         3d11      100%        5
 Lee's Rapid Deconstruct  Erth           0%         3d4*      100%        5
 Yara's Violent Unravell  Hex/Alch       0%         3d3       100%        5
 Conjure Ball Lightning   Conj/Air       0%         3x3d6     100%        6
 Plasma Beam              Fire/Air       0%         2x1d10    100%        6
 Starburst                Conj/Fire      0%         6d3       100%        6
 Enfeeble                 Hex            0%         N/A       100%        7
 Ozocubu's Refrigeration  Ice            0%         4d7       100%        7
 Discord                  Hex            0%         N/A       100%        8
 Disjunction              Tloc           0%         N/A       100%        8
 Ignition                 Fire           0%         3d3       100%        8
 Lehudib's Crystal Spear  Conj/Erth      0%         10d2      100%        8
 Call Imp                 Summ           Unusable   N/A       N/A         2
 Call Canine Familiar     Summ           Unusable   N/A       N/A         3
 Tukima's Dance           Hex            Unusable   N/A       N/A         3
 Animate Armour           Summ/Erth      Unusable   N/A       N/A         4
 Martyr's Knell           Necr/Summ      Unusable   N/A       N/A         4
 Summon Lightning Spire   Summ/Air       Unusable   N/A       N/A         4
 Death Channel            Necr           Unusable   N/A       N/A         6
 Summon Cactus Giant      Summ           Unusable   N/A       N/A         6
 Spellforged Servitor     Conj/Summ      Unusable   N/A       N/A         7
 Summon Hydra             Summ           Unusable   N/A       N/A         7

Dungeon Overview and Level Annotations

Branches:
Dungeon (15/15)            Temple (1/1) D:6            Lair (5/5) D:8
 Shoals (4/4) Lair:2        Snake (4/4) Lair:3        Slime (5/5) Lair:5
    Orc (2/2) D:11            Elf (3/3) Orc:2        Vaults (4/5) D:13
  Crypt (0/3) Vaults:3     Depths (4/4) D:15            Zot (5/5) Depths:4
Ossuary (visited)          Bailey (visited)

Altars:
Ashenzari
Cheibriados
Dithmenos
Elyvilon
Fedhas
Gozag
Hepliaklqana
Kikubaaqudgha
Makhleb
Nemelex Xobeh
Okawaru
Qazlal
Ru
Sif Muna
Trog
Uskayaw
Vehumet
Wu Jian
Xom
Zin
The Shining One
Beogh
Jiyva
Lugonu

Shops:
D:3 [*!(=   D:8 =   Orc:2 :[:*   Elf:1 :   Elf:3 *   Shoals:4 *?*
Snake:4 *=:=   Vaults:1 =   Vaults:3 ?   Depths:1 (:   Depths:2 :!:
Depths:4 ?

Portals:
Hell: Depths:1 Depths:2 Depths:3 Depths:4
Abyss: Lair:5 Depths:2 Depths:3 Depths:4
Pandemonium: Depths:1 Depths:4
Ziggurat: Depths:3
Trove: D:13 (give +8 demon whip)

Annotations:
Slime:2 Dissolution
Vaults:2 3 runed translucent doors, astronautguy's ghost, master FoEE
Depths:1 4 transporters
Zot:1 2 transporters, Xeywnuph's ghost, veteran DrRe
Zot:4 2 transporters, Doopoh's ghost, master OnFi


Innate Abilities, Weirdness & Mutations

You have a pair of horns on your head.
You reflexively headbutt those who attack you in melee.
You have sharp fingernails.
You possess an exceptional clarity of mind.
Your mind is acute. (Int +4, Str/Dex -1)
Armour fits poorly on your strangely shaped body.
You are weak. (Str -2)


Message History

You feel yourself slow down.
There is a stone staircase leading up here.
You climb upwards.
There is a stone staircase leading down here.
There is a stone staircase leading up here.
You can't go down here!
You climb upwards.
There is a stone staircase leading down here.
There is a stone staircase leading up here.
You climb upwards.
There is a stone staircase leading down here.
Things that are here:
a +0 scale mail; a +0 whip
There is a stone staircase leading up here.
You climb upwards.
There is a stone staircase leading down here.
A toenail golem comes into view.
You feel yourself speed up.
There is a stone staircase leading up here.
You climb upwards.
There is a stone staircase leading down here.
There is an escape hatch in the ceiling here.
A mysterious force pulls you upwards. The hatch slams shut behind you.
There is a stone staircase leading up here.
You climb upwards.
There is a stone staircase leading down here.
Aiming: Dig
Press: ? - help, Q - select action, (/) - cycle Shift-Dir - straight line A rock wall.
This square is covered in magical glow.
The rock shatters into small pieces.
Aiming: Dig
Press: ? - help, Q - select action, (/) - cycle Shift-Dir - straight line A rock wall.
This square is covered in magical glow.
The rock shatters into small pieces.
Your extra speed is starting to run out.
You feel yourself slow down.
There is a staircase leading out of the dungeon here.
You have escaped!

.......#.# #.#.#.#.## .......#.##
#.#.#...#
....).....#########.#...#.#
#.........#≈≈≈≈≈≈≈#.##.##.#
#.........#≈≈≈≈≈≈≈#.......# #####
#######...≈≈≈...≈..######## #....
#...≈≈≈......# #....
#...≈≈≈......# #....
#####...≈≈≈.≈.@..# #....
#.......≈≈≈~≈....# #####
#.####..≈≈≈≈~....# #.#
#..≈≈≈≈≈....#
###.####..#≈≈≈≈≈(..##############
..........#######..#.............
###.######### ##..÷############
#.........# ###.##.#########
#########.# #...........##


There were no monsters in sight!

Vanquished Creatures
  the Royal Jelly (Slime:5)
  A dread lich (Zot:5)
  2 ancient liches (Zot:5)
  Frederick (Vaults:3)
  8 orbs of fire
  Boris (twice) (Vaults:1 Vaults:4)
  2 Killer Klowns (Zot:5)
  Saint Roka (Orc:2)
  2 curse toes
  8 golden dragons
  Norris (Depths:1)
  2 doom hounds (Zot:4)
  3 electric golems
  A Tzitzimitl (Zot:4)
  16 tentacled monstrosities
  Jorgrun (D:14)
  A lich (Depths:2)
  3 deep elf blademasters
  7 quicksilver dragons
  Grunn (Zot:4)
  4 sphinxes
  19 acid blobs
  A walking divine tome (Depths:4)
  24 Orb Guardians
  2 death cobs
  Gastronok (Lair:1)
  2 deep elf master archers (Elf:3)
  14 storm dragons
  7 shadow dragons
  Donald (Snake:3)
  3 daevas
  6 tengu reavers
  12 rockslimes
  13 nagarajas
  2 fire giants
  3 draconian knights
  2 protean progenitors (Zot:5)
  The ghost of Guquc the Mimic, a journeyman TrSh of Cheibriados (D:13)
  9 azure jellies
  4 deep elf sorcerers (Elf:3)
  4 draconian monks
  The ghost of flinch the Warrior, a journeyman DjAl of Gozag (D:13)
  2 frost giants
  7 draconian shifters
  5 draconian scorchers
  7 vault wardens
  An iron dragon (Vaults:2)
  4 ghost moths
  2 deep elf elementalists (Elf:3)
  4 draconian annihilators
  4 formless jellyfish
  2 cacodemons
  8 ironbound preservers
  3 draconian stormcallers
  2 orc warlords
  An angel (Depths:2)
  2 demonspawn corrupters
  14 stone giants
  13 quicksilver oozes
  20 very ugly things
  Nessos (D:15)
  2 putrid mouths (Zot:4)
  8 deep elf demonologists
  8 ironbound thunderhulks
  5 vampire knights
  7 green draconians
  15 black draconians
  11 red draconians
  7 deep elf death magi
  5 deep elf annihilators (Elf:3)
  The ghost of lilalause the Mimic, a journeyman MfSh of Gozag (Lair:2)
  7 dire elephants
  A war gargoyle (Vaults:3)
  10 yellow draconians
  8 purple draconians
  6 white draconians
  3 spark wasps (Depths:3)
  5 merfolk javelineers
  2 eidola (Vaults:3)
  7 ettins
  Josephine (Lair:5)
  A crystal guardian (Vaults:3)
  5 fire dragons
  The ghost of Waro the Eclecticist, a journeyman DjFE of Gozag (D:13)
  3 entropy weavers
  A deep elf high priest (Elf:3)
  13 yaktaur captains
  3 great orbs of eyes
  10 merfolk impalers
  9 ice dragons
  Erolcha (Orc:1)
  4 vault guards
  A peacekeeper (Vaults:3)
  8 hydras
  A rakshasa (Depths:3)
  3 ogre magi (Orc:2)
  2 salamander tyrants
  4 ironbound frosthearts
  2 spriggan air magi (Depths:4)
  2 radroaches (Zot:5)
  9 anacondas
  3 catoblepae
  24 centaur warriors
  5 boulder beetles
  7 merfolk aquamancers
  13 two-headed ogres
  4 deep troll shamans
  A satyr (Shoals:2)
  32 dancing weapons
  9 naga warriors
  A deep troll earth mage (Depths:1)
  19 naga sharpshooters
  2 spriggan berserkers (Depths:3)
  Urug (D:12)
  2 orc high priests
  5 tengu warriors
  20 deep elf knights
  2 thrashing horrors (Lair:5)
  2 hell knights (Depths:4)
  Sonja (Lair:5)
  4 shock serpents
  A sun demon (Zot:1)
  A shadow wraith (D:13)
  A titan skeleton (Depths:2)
  8 skysharks
  4 iron trolls
  A goliath frog (shapeshifter) (Depths:4)
  6 sea snakes
  4 salamander mystics
  A sixfirhy (Depths:4)
  A golden dragon zombie (Depths:2)
  5 cherubim (Depths:2)
  2 shadow demons
  3 glowing orange brains
  9 mana vipers
  13 naga ritualists
  6 arcanists
  Pikel (D:6)
  19 deep elf archers
  32 deep trolls
  4 lindwurms
  5 necromancers
  30 deep elf zephyrmancers
  A kraken simulacrum (Shoals:4)
  A phantasmal warrior (Vaults:3)
  6 ironbound convokers
  9 harpies (Shoals:4)
  7 orc knights
  29 deep elf pyromancers
  16 fauns
  11 orc sorcerers
  5 cyclopes
  3 shining eyes (Slime:5)
  A frost giant zombie (Depths:2)
  9 manticores
  25 moths of wrath
  5 elephants (Lair:5)
  2 large abominations (Lair:5)
  40 ugly things
  17 salamanders
  A frost giant skeleton (Depths:2)
  A rust devil (Depths:1)
  31 black mambas
  12 vault sentinels
  10 merfolk sirens
  12 naga magi
  3 eyes of devastation (Slime:5)
  5 water nymphs
  4 smoke demons
  5 guardian serpents
  18 cane toads
  A torpor snail (Lair:1)
  7 rime drakes
  Jeremiah (D:8)
  An unseen horror (D:11)
  12 komodo dragons
  21 yaktaurs
  A freezing wraith (D:14)
  5 kobold demonologists
  5 tormentors
  4 tengu conjurers
  7 trolls
  14 merfolk
  2 polar bears
  2 glass eyes
  6 wind drakes
  A polar bear (shapeshifter) (Lair:5)
  A raiju (Lair:5)
  A hellwing (D:12)
  4 hornets
  Prince Ribbit (Bailey)
  8 dream sheep
  17 blink frogs
  5 snapping turtles
  70 slime creatures
  5 air elementals
  Sigmund (D:2)
  3 spriggans
  2 shadows
  11 water elementals
  3 vampires (Vaults:3)
  6 wraiths
  35 yaks
  2 ynoxinuls (Lair:5)
  3 fire elementals
  A wyvern (D:9)
  8 golden eyes
  3 humans (Bailey)
  A chaos spawn (Lair:5)
  10 vampire mosquitoes
  7 basilisks
  2 steam dragons
  10 wargs
  A redback (Vaults:3)
  6 acid dragons
  33 nagas
  2 hell hounds (Depths:4)
  22 water moccasins
  An ice beast (D:7)
  9 black bears
  18 orc warriors
  5 sky beasts
  3 ettin simulacra (Depths:3)
  14 small abominations (Lair:5)
  A boggart (shapeshifter) (Lair:5)
  8 ogres
  7 wolves
  4 centaurs (D:13)
  A lemure (D:6)
  An elf zombie (Ossuary)
  4 kobold brigands
  A gnoll sergeant (D:9)
  A weeping skull (Ossuary)
  3 scorpions
  25 bullfrogs
  5 wights (D:9)
  11 killer bees
  4 electric eels
  2 bombardier beetles (D:4)
  6 centaur zombies
  3 human zombies (Ossuary)
  A jelly (D:4)
  15 orc priests
  2 gnoll boudas
  Crazy Yiuf (D:2)
  5 hounds
  Jessica (D:2)
  4 iguanas
  27 orc wizards
  A crocodile zombie (Ossuary)
  4 mummies
  A howler monkey zombie (D:10)
  15 gnolls
  8 adders
  A shadow imp (D:6)
  A white imp (D:6)
  2 ufetubi (D:7)
  7 adder zombies (Ossuary)
  A dart slug (D:2)
  103 orcs
  11 ball pythons
  8 bats
  6 endoplasms
  A giant cockroach (D:4)
  12 goblins
  6 hobgoblins
  3 jackals (D:1)
  4 quokkas
  5 ball python zombies (Ossuary)
  3 frilled lizards
  A gnoll zombie (Ossuary)
  2 hobgoblin zombies (D:5)
  2 jackal zombies (Ossuary)
  28 kobolds
  4 kobold zombies (Ossuary)
  An orc zombie (Ossuary)
  5 rats
  A spectral weapon (Elf:2)
  A tentacle (Shoals:4)
1921 creatures vanquished.

Vanquished Creatures (others)
  A draconian knight (Zot:3)
  A deep elf elementalist (Elf:3)
  A vampire knight (Depths:2)
  A merfolk aquamancer (Shoals:4)
  A deep elf pyromancer (Elf:2)
  A naga (Snake:4)
  3 tentacles (Shoals:4)
9 creatures vanquished.

Grand Total: 1930 creatures vanquished

Notes
Turn   | Place    | Note
-------+----------+-------------------------------------------
     0 | D:1      | chuckiee3 the Minotaur Fighter began the quest for the Orb.
     0 | D:1      | Reached XP level 1. HP: 19/19 MP: 0/0
    93 | D:1      | Reached XP level 2. HP: 27/27 MP: 1/1
   184 | D:1      | Reached skill level 4 in Fighting
   525 | D:1      | Reached XP level 3. HP: 33/33 MP: 2/2
   685 | D:2      | Found a shimmering altar of Xom.
   813 | D:2      | Noticed Sigmund
   851 | D:2      | Killed Sigmund
   852 | D:2      | Reached skill level 1 in Dodging
   852 | D:2      | Reached XP level 4. HP: 15/41 MP: 3/3
   852 | D:2      | Reached XP level 5. HP: 17/47 MP: 4/4
  1119 | D:2      | Reached skill level 5 in Armour
  1148 | D:2      | Noticed Jessica
  1153 | D:2      | Killed Jessica
  1203 | D:2      | Found a runed translucent door.
  1204 | D:2      | Noticed Crazy Yiuf
  1206 | D:2      | Found the +8 whip "Snakebite" {venom, curare, rPois}
  1213 | D:2      | Killed Crazy Yiuf
  1214 | D:2      | Reached XP level 6. HP: 20/53 MP: 5/5
  1467 | D:3      | Found Upeafas's Distillery.
  1521 | D:3      | Found Mumausan's Weapon Shoppe.
  1555 | D:3      | Reached skill level 5 in Polearms
  1670 | D:3      | Found a sacrificial altar of Ru.
  1788 | D:3      | Found Digucean's Jewellery Shoppe.
  1831 | D:3      | Found Yxti Cutzu's General Store.
  1865 | D:3      | Found Sakecs's Antique Armour Emporium.
  2425 | D:4      | Reached skill level 5 in Fighting
  2445 | D:4      | Reached XP level 7. HP: 59/61 MP: 6/6
  2492 | D:4      | Reached skill level 5 in Shields
  3353 | D:5      | Entered Level 5 of the Dungeon
  3353 | D:5      | Found a glowing golden altar of the Shining One.
  3359 | D:5      | Found a blossoming altar of Fedhas.
  3419 | D:5      | Reached XP level 8. HP: 56/70 MP: 7/7
  3444 | D:5      | Found a sand-covered staircase.
  3546 | Ossuary  | Entered an ossuary
  3696 | Ossuary  | Reached skill level 6 in Fighting
  4191 | D:5      | Reached skill level 10 in Polearms
  4466 | D:5      | Found an opulent altar of Gozag.
  4469 | D:5      | Found a hazy altar of Hepliaklqana.
  4471 | D:5      | Found a snail-covered altar of Cheibriados.
  4476 | D:5      | Found a shimmering altar of Xom.
  4643 | D:6      | Reached XP level 9. HP: 72/78 MP: 8/8
  4831 | D:3      | Bought a glowing kite shield for 172 gold pieces
  4964 | D:6      | Reached skill level 7 in Fighting
  5033 | D:6      | Found a staircase to the Ecumenical Temple.
  5144 | Temple   | Entered the Ecumenical Temple
  5259 | Temple   | Became a worshipper of Warmaster Okawaru
  5559 | D:6      | Noticed Pikel
  5575 | D:6      | Killed Pikel
  5575 | D:6      | Reached * piety under Okawaru
  5576 | D:6      | Reached skill level 1 in Invocations
  5576 | D:6      | Reached skill level 1 in Evocations
  6159 | D:7      | Noticed a kobold demonologist
  6257 | D:7      | Killed a kobold demonologist
  6257 | D:7      | Reached ** piety under Okawaru
  6258 | D:7      | Reached skill level 1 in Stealth
  6258 | D:7      | Noticed a kobold demonologist
  6275 | D:7      | Killed a kobold demonologist
  6295 | D:7      | Identified the +1 robe of the Saviour {-Tele rPois Dex+3}
  6349 | D:7      | Reached XP level 10. HP: 47/88 MP: 10/10
  6676 | D:7      | Reached skill level 8 in Fighting
  7096 | D:8      | Reached *** piety under Okawaru
  7147 | D:8      | Found a flagged portal.
  7158 | Bailey   | Entered a bailey
  7333 | Bailey   | Noticed a vault guard
  7350 | Bailey   | HP: 1/88 [vault guard/+0 broad axe (9)]
  7361 | Bailey   | Killed a vault guard
  7662 | Bailey   | Noticed a vault guard
  7662 | Bailey   | Noticed Prince Ribbit
  7670 | Bailey   | Killed Prince Ribbit
  7670 | Bailey   | Reached **** piety under Okawaru
  7675 | Bailey   | Killed a vault guard
  7831 | D:8      | Found Vunnal's Jewellery Emporium.
  7838 | D:8      | Noticed Jeremiah
  7858 | D:8      | Killed Jeremiah
  8060 | D:8      | Found a staircase to the Lair.
  8187 | D:8      | Identified a scroll of acquirement
  8187 | D:8      | Acquired 964 gold pieces
  8326 | D:3      | Bought the +8 lance "Wyrmbane" {slay drac, rPois rF+ rC+
                  | AC+3} for 1050 gold pieces
  8326 | D:3      | Found the +8 lance "Wyrmbane" {slay drac, rPois rF+ rC+
                  | AC+3}
  8450 | D:8      | Found a sparkling altar of Nemelex Xobeh.
  8752 | D:9      | Reached XP level 11. HP: 86/95 MP: 13/13
  8944 | D:9      | Reached ***** piety under Okawaru
  9158 | D:9      | Reached skill level 9 in Fighting
  9385 | D:9      | You fall into a shaft and drop 1 floor!
  9385 | D:10     | Entered Level 10 of the Dungeon
  9532 | D:10     | Received a gift from Okawaru
  9732 | D:10     | Found a burning altar of Makhleb.
  9783 | D:10     | Noticed a two-headed ogre
  9791 | D:10     | Killed a two-headed ogre
  9792 | D:10     | Reached skill level 1 in Throwing
  9792 | D:10     | Reached skill level 5 in Invocations
 10039 | D:10     | Reached skill level 10 in Fighting
 10083 | D:10     | Noticed a two-headed ogre
 10092 | D:10     | Killed a two-headed ogre
 10093 | D:10     | Reached skill level 10 in Shields
 10180 | D:10     | Identified the +5 spear of Vengeance {elec, rElec rPois rF+
                  | Dex-2}
 10499 | D:11     | Reached skill level 5 in Dodging
 10690 | D:11     | Found a staircase to the Orcish Mines.
 10711 | D:11     | Identified the +1 buckler of Tulips {Will+}
 11254 | D:12     | Noticed a cyan ugly thing
 11324 | Orc:1    | Entered Level 1 of the Orcish Mines
 11325 | Orc:1    | Noticed Erolcha
 11426 | Lair:1   | Entered Level 1 of the Lair of Beasts
 11445 | Lair:1   | Reached XP level 12. HP: 74/107 MP: 14/14
 11448 | Lair:1   | Received a gift from Okawaru
 11449 | Lair:1   | Reached skill level 5 in Evocations
 11811 | Lair:1   | Noticed Gastronok
 11852 | Lair:1   | Killed Gastronok
 11949 | Lair:1   | Reached skill level 11 in Fighting
 12418 | Lair:1   | Received a gift from Okawaru
 12423 | Lair:1   | Reached ****** piety under Okawaru
 13036 | Lair:2   | Noticed a catoblepas
 13065 | Lair:2   | Killed a catoblepas
 13158 | Lair:2   | Reached skill level 10 in Armour
 13174 | Lair:2   | Reached skill level 12 in Fighting
 13182 | Lair:2   | Received a gift from Okawaru
 13239 | Lair:2   | Found a runed translucent door.
 13240 | Lair:2   | Found a shimmering altar of Xom.
 13240 | Lair:2   | Noticed lilalause's ghost (journeyman MfSh)
 13400 | Lair:2   | Found a staircase to the Shoals.
 13431 | Lair:2   | Reached XP level 13. HP: 114/119 MP: 16/16
 14175 | D:12     | Received a gift from Okawaru
 14580 | D:12     | Noticed Urug
 14581 | D:12     | Acquired the +8 demon trident of the Wheel {venom, rCorr
                  | Str-3 Dex+7 Stlth+}
 14581 | D:12     | Received a gift from Okawaru
 14584 | D:12     | Acquired a +1 crystal plate armour
 14584 | D:12     | Received a gift from Okawaru
 14598 | D:12     | Killed Urug
 14980 | D:13     | Reached skill level 13 in Fighting
 15029 | D:13     | Received a gift from Okawaru
 15188 | D:13     | Found a gate to the Vaults.
 15342 | D:13     | Found a runed translucent gate.
 15342 | D:13     | Found a runed translucent gate.
 15343 | D:13     | Found a runed translucent gate.
 15344 | D:13     | Noticed flinch's ghost (journeyman DjAl)
 15344 | D:13     | Noticed Waro's ghost (journeyman DjFE)
 15345 | D:13     | Noticed Guquc's ghost (journeyman TrSh)
 15480 | D:13     | Found a portal to a secret trove of treasure.
 15836 | D:14     | Noticed Jorgrun
 15858 | D:14     | Killed Jorgrun
 15858 | D:14     | Received a gift from Okawaru
 16519 | D:15     | Entered Level 15 of the Dungeon
 16530 | D:15     | Found a hide-covered altar of Uskayaw.
 16694 | D:15     | Reached skill level 5 in Throwing
 16889 | D:3      | Bought the ring "Gid Wink" {rElec Will+ EV+5 Str+3} for 866
                  | gold pieces
 17414 | Lair:3   | Reached XP level 14. HP: 130/130 MP: 18/18
 17838 | Lair:3   | Found a staircase to the Snake Pit.
 18170 | Lair:4   | Received a gift from Okawaru
 18546 | Lair:4   | Identified the +2 robe of Sin {Will+}
 18681 | Lair:4   | Reached skill level 14 in Fighting
 19267 | Lair:5   | Entered Level 5 of the Lair of Beasts
 19343 | Lair:5   | Found a hide-covered altar of Uskayaw.
 19343 | Lair:5   | Found an ornate altar of the Wu Jian Council.
 19406 | Lair:4   | Received a gift from Okawaru
 19503 | Lair:5   | Found a viscous altar of Jiyva.
 19503 | Lair:5   | Found a staircase to the Slime Pits.
 19570 | Lair:5   | Noticed Josephine
 19581 | Lair:5   | Killed Josephine
 19689 | Lair:5   | Received a gift from Okawaru
 19805 | Lair:5   | Reached skill level 15 in Shields
 20060 | Lair:5   | Received a gift from Okawaru
 20085 | Lair:5   | Found a corrupted altar of Lugonu.
 20085 | Lair:5   | Found a one-way gate to the infinite horrors of the Abyss.
 20420 | Lair:5   | Reached skill level 15 in Fighting
 20440 | Lair:5   | Noticed Sonja
 20455 | Lair:5   | Killed Sonja
 20553 | Lair:5   | Reached XP level 15. HP: 141/141 MP: 19/19
 21177 | Shoals:1 | Entered Level 1 of the Shoals
 21414 | Lair:2   | Killed lilalause's ghost
 21424 | Lair:2   | Received a gift from Okawaru
 21576 | D:13     | Killed Waro's ghost
 21695 | D:13     | Killed Guquc's ghost
 21729 | D:13     | Identified the +0 pair of gloves "Vontol" {rC+ Slay+3}
 21830 | D:13     | Killed flinch's ghost
 21938 | Orc:1    | Killed Erolcha
 22095 | Orc:2    | Entered Level 2 of the Orcish Mines
 22118 | Orc:2    | Found a shimmering altar of Xom.
 22389 | Orc:1    | Gained mutation: Your magical capacity is low. (-10% MP) [a
                  | neqoxec]
 22634 | Orc:2    | Found a staircase to the Elven Halls.
 22815 | Orc:2    | Received a gift from Okawaru
 23013 | Orc:2    | Found Tymohe's General Store.
 23013 | Orc:2    | Found Engasy's Book Shop.
 23082 | Orc:2    | Paralysed by an orc sorcerer for 4 turns
 23201 | Orc:2    | Reached skill level 16 in Fighting
 23248 | Orc:2    | Noticed Saint Roka
 23268 | Orc:2    | Killed Saint Roka
 23268 | Orc:2    | Received a gift from Okawaru
 23274 | Orc:2    | Found Yqown's Armour Boutique.
 23274 | Orc:2    | Found Vagh's Book Shop.
 24541 | Shoals:2 | Received a gift from Okawaru
 24700 | Shoals:2 | Reached XP level 16. HP: 152/152 MP: 19/19
 25172 | Shoals:3 | Reached skill level 17 in Fighting
 25452 | Shoals:3 | Received a gift from Okawaru
 25793 | Shoals:3 | Got the Omnibus of the Mighty Graveyard
 26446 | Shoals:4 | Entered Level 4 of the Shoals
 26714 | Shoals:4 | Received a gift from Okawaru
 26789 | Shoals:4 | Found Emudooz's Assorted Antiques.
 26926 | Shoals:4 | Found Ladghiex's Magic Scroll Emporium.
 26980 | Shoals:4 | Found Acoerefe's Assorted Antiques.
 27062 | Shoals:4 | Reached skill level 10 in Dodging
 27136 | Shoals:4 | Got a barnacled rune of Zot
 27459 | Orc:2    | Upgraded the game from 0.32-a0-171-g4625e66871 to
                  | 0.32-a0-312-g1d7162e751
 27483 | Elf:1    | Entered Level 1 of the Elven Halls
 27692 | Snake:1  | Entered Level 1 of the Snake Pit
 27695 | Snake:1  | Received a gift from Okawaru
 28377 | Snake:1  | Reached skill level 18 in Fighting
 28926 | Snake:1  | Reached XP level 17. HP: 116/163 MP: 20/20
 29144 | Snake:1  | Received a gift from Okawaru
 30333 | Snake:2  | Reached skill level 1 in Maces & Flails
 31101 | Snake:2  | Acquired 875 gold pieces
 31300 | Snake:2  | Identified the +7 short sword of Jioluaxt {speed, rElec rC-
                  | MP+9 Dex+3}
 31674 | Snake:2  | Reached skill level 5 in Maces & Flails
 32035 | D:8      | Bought a ring of see invisible for 210 gold pieces
 32238 | Shoals:4 | Bought a scroll of fear for 76 gold pieces
 32238 | Shoals:4 | Bought a scroll of teleportation for 57 gold pieces
 32238 | Shoals:4 | Bought a scroll of fear for 76 gold pieces
 32238 | Shoals:4 | Bought a scroll of enchant armour for 142 gold pieces
 32241 | Shoals:4 | Bought a bronze ring for 175 gold pieces
 32278 | Shoals:4 | Bought a scroll of revelation for 232 gold pieces
 32539 | D:3      | Bought an embroidered hat for 161 gold pieces
 32905 | Snake:3  | Noticed Donald
 32917 | Snake:3  | Killed Donald
 32955 | Snake:4  | Entered Level 4 of the Snake Pit
 33072 | Snake:4  | Found Xareg's Assorted Antiques.
 33081 | Snake:4  | Bought a scroll of revelation for 157 gold pieces
 33167 | Snake:4  | Found Kihucw's Jewellery Emporium.
 33167 | Snake:4  | Found Ugety's Book Boutique.
 33168 | Snake:4  | Found Uqefu's Jewellery Emporium.
 33181 | Snake:4  | Bought the amulet of Mathric {Reflect rCorr SH+5 SInv} for
                  | 889 gold pieces
 33307 | Snake:4  | Received a gift from Okawaru
 34909 | Snake:4  | Received a gift from Okawaru
 35340 | Snake:4  | Reached XP level 18. HP: 137/174 MP: 21/21
 35349 | Snake:4  | Reached skill level 19 in Fighting
 36657 | Snake:4  | Received a gift from Okawaru
 37142 | Snake:4  | Got a serpentine rune of Zot
 37658 | Vaults:1 | Entered Level 1 of the Vaults
 37676 | Vaults:1 | Identified the +4 robe "Orghuwimp" {Int+2 Stlth+}
 37676 | Vaults:1 | Noticed Boris
 37712 | Vaults:1 | Found a crumbling gateway.
 37901 | Vaults:1 | Found Hijurerph's Jewellery Shoppe.
 37938 | Vaults:1 | Received a gift from Okawaru
 37939 | Vaults:1 | Reached skill level 10 in Evocations
 38207 | Vaults:1 | Killed Boris
 38212 | Vaults:1 | Reached skill level 10 in Throwing
 38652 | Vaults:2 | Received a gift from Okawaru
 39328 | Vaults:2 | Reached skill level 20 in Fighting
 39599 | Vaults:2 | Found the +8 demon trident "Rift" {distort, reach+}
 39640 | Vaults:2 | Identified the +0 long sword "Doetiott" {vamp, rC++ Int+3}
 40162 | Vaults:2 | Received a gift from Okawaru
 40660 | Vaults:3 | Found a staircase to the Crypt.
 40768 | Vaults:3 | Identified the +1 chain mail "Ucliridgh" {Will+ Str+2}
 40832 | Vaults:3 | Reached XP level 19. HP: 169/187 MP: 22/22
 41407 | Vaults:3 | Identified the orb of the Pure Gazing Dances {light,
                  | Slay+2}
 41408 | Vaults:3 | Noticed Frederick
 41740 | Slime:1  | Entered Level 1 of the Pits of Slime
 42067 | Lair:5   | Received a gift from Okawaru
 42086 | Slime:2  | Noticed Dissolution
 42118 | Slime:2  | Paralysed by a formless jellyfish for 1 turns
 42366 | Slime:1  | Paralysed by a formless jellyfish for 1 turns
 42369 | Slime:2  | Paralysed by a formless jellyfish for 1 turns
 43065 | Slime:4  | Reached skill level 15 in Armour
 43125 | Slime:5  | Entered Level 5 of the Pits of Slime
 43143 | Slime:5  | Reached skill level 21 in Fighting
 43144 | Slime:5  | Gained mutation: You are frail. (-10% HP) [a shining eye]
 43154 | Slime:5  | Gained mutation: You are dopey. (Int -2) [a shining eye]
 43254 | Slime:5  | Received a gift from Okawaru
 43255 | Slime:5  | Reached skill level 10 in Maces & Flails
 43553 | Slime:5  | Gained mutation: Your body sometimes deteriorates upon
                  | taking damage. [a shining eye]
 43572 | Slime:5  | Gained mutation: You occasionally lose the ability to drink
                  | potions when taking damage. [a shining eye]
 43581 | Slime:5  | Lost mutation: Your magical capacity is low. (-10% MP)
                  | [potion of mutation]
 43581 | Slime:5  | Lost mutation: Your body sometimes deteriorates upon taking
                  | damage. [potion of mutation]
 43581 | Slime:5  | Gained mutation: Your spells are a little easier to cast,
                  | but a little less powerful. [potion of mutation]
 43582 | Slime:5  | Lost mutation: You occasionally lose the ability to drink
                  | potions when taking damage. [potion of mutation]
 43582 | Slime:5  | Lost mutation: You are frail. (-10% HP) [potion of
                  | mutation]
 43582 | Slime:5  | Gained mutation: You have sharp toenails. [potion of
                  | mutation]
 43582 | Slime:5  | Gained mutation: You are partially covered in iridescent
                  | scales. (AC +2) [potion of mutation]
 44263 | Slime:5  | Found a viscous altar of Jiyva.
 44512 | Slime:5  | Reached skill level 10 in Invocations
 44972 | Slime:5  | Noticed the Royal Jelly
 45026 | Slime:5  | Killed the Royal Jelly
 45682 | Slime:5  | Identified the amulet of Dadumaps {Faith Dex+2}
 45713 | Slime:5  | Identified the ring of Sif Muna's Generosity {rC+ rN+ Str+2
                  | Int+3 Slay+4}
 45736 | Slime:5  | Identified the +1 leather armour "Puhuseaph" {rN+ rCorr}
 45788 | Slime:5  | Got a slimy rune of Zot
 45789 | Slime:5  | Identified the staff of Pestilence {Fly rElec rPois Stlth+
                  | Ice Alchemy}
 45795 | Slime:5  | Identified the ring "Itahuy" {rC+ rCorr Int+2 Dex+7 Stlth-}
 46053 | Slime:2  | Received a gift from Okawaru
 46635 | D:15     | Noticed Nessos
 46642 | D:15     | Killed Nessos
 46794 | D:15     | Found a staircase to the Depths.
 47290 | Depths:1 | Entered Level 1 of the Depths
 47392 | Depths:1 | You fall into a shaft and drop 1 floor!
 47405 | Depths:2 | Found Zaifye's Book Emporium.
 47523 | Depths:2 | Found Vuzeuf's Book Emporium.
 47525 | Depths:2 | Found Ceech's Distillery.
 47546 | Depths:2 | Bought a potion of might for 44 gold pieces
 47546 | Depths:2 | Bought a potion of curing for 33 gold pieces
 47546 | Depths:2 | Bought a potion of cancellation for 88 gold pieces
 47673 | Depths:2 | Found a gateway to Hell.
 48021 | Depths:2 | Reached XP level 20. HP: 152/198 MP: 26/26
 48626 | Depths:1 | Found Xipp's Antique Weapon Shoppe.
 48647 | Depths:1 | Found a transporter.
 48656 | Depths:1 | Found a transporter.
 48657 | Depths:1 | Found a transporter.
 48673 | Depths:1 | Noticed Norris
 48744 | Depths:3 | Received a gift from Okawaru
 49298 | Depths:3 | Found an iron altar of Okawaru.
 49453 | Depths:3 | Found a one-way gateway to a ziggurat.
 49481 | Depths:3 | Reached skill level 22 in Fighting
 49732 | Depths:3 | Paralysed by a sphinx for 2 turns
 49954 | Depths:4 | Entered Level 4 of the Depths
 50024 | Depths:4 | Received a gift from Okawaru
 51683 | Depths:4 | Noticed a golden dragon
 51690 | Depths:4 | Killed a golden dragon
 51703 | Depths:4 | Received a gift from Okawaru
 52134 | Depths:4 | Found a gate to the Realm of Zot.
 53374 | Depths:4 | Found Wakeafuxt's Magic Scroll Shop.
 53462 | Depths:4 | Received a gift from Okawaru
 53499 | Depths:4 | Reached skill level 23 in Fighting
 53524 | Depths:4 | Reached XP level 21. HP: 211/211 MP: 28/28
 53742 | Zot:1    | Entered Level 1 of the Realm of Zot
 53742 | Zot:1    | Noticed a golden dragon
 53758 | Depths:4 | Upgraded the game from 0.32-a0-312-g1d7162e751 to
                  | 0.32-a0-314-g526f7d4993
 54025 | Depths:2 | Found an ancient bone altar of Kikubaaqudgha.
 54542 | Depths:1 | Found a transporter.
 54579 | Depths:1 | Killed Norris
 54890 | Depths:1 | Found a one-way gate leading to the halls of Pandemonium.
 54933 | Depths:1 | Found Hyxupt's One-of-a-Kind Books.
 55459 | Elf:1    | Found Attaj's Vocational Training.
 55917 | Elf:1    | Acquired the +9 shadow dragon scales of the Stars {Slay+5
                  | Stlth++++}
 56260 | Elf:1    | Received a gift from Okawaru
 56900 | Elf:2    | Found a runed translucent gate.
 56905 | Elf:2    | Found a runed translucent gate.
 56905 | Elf:2    | Found a runed translucent gate.
 56968 | Elf:2    | Reached skill level 24 in Fighting
 56976 | Elf:2    | Received a gift from Okawaru
 57594 | Elf:2    | Paralysed by an air elemental for 1 turns
 57598 | Elf:2    | Paralysed by an air elemental for 1 turns
 58300 | Elf:3    | Entered Level 3 of the Elven Halls
 58344 | Elf:3    | Found Kuttyph Kink's Assorted Antiques.
 58352 | Elf:3    | Bought the +3 pair of gauntlets of War {Slay+5} for 1140
                  | gold pieces
 58352 | Elf:3    | Found the +3 pair of gauntlets of War {Slay+5}
 58577 | Elf:3    | Received a gift from Okawaru
 58791 | Elf:3    | Identified the ring of Bailiyghyo {rPois Int+3}
 58799 | Elf:3    | Reached XP level 22. HP: 206/223 MP: 29/29
 59563 | Elf:3    | Identified the ring of Beogh's Delight {Str+6 Int+2}
 59563 | Elf:3    | Identified the +3 short sword of Causality {freeze, ^Drain
                  | Int+4 SInv}
 60321 | Elf:3    | Found the +8 pair of quick blades "Gyre" and "Gimble"
                  | {protect}
 60680 | Elf:3    | Identified the +1 long sword of the Valley of Death {speed,
                  | rElec Int+3}
 60681 | Elf:3    | Identified the +2 short sword of Poluam {heavy, Int-2
                  | Dex+7}
 60689 | Elf:3    | Identified the +7 sling "Uniewuq" {elec, rC+}
 61271 | Depths:4 | Bought a scroll of identify for 44 gold pieces
 61893 | Vaults:3 | Received a gift from Okawaru
 62166 | Vaults:3 | Found Vire's Magic Scroll Shoppe.
 62175 | Vaults:3 | Bought a scroll of acquirement for 936 gold pieces
 62175 | Vaults:3 | Bought a scroll of fear for 72 gold pieces
 62175 | Vaults:3 | Bought a scroll of teleportation for 54 gold pieces
 62175 | Vaults:3 | Bought a scroll of teleportation for 54 gold pieces
 62175 | Vaults:3 | Bought a scroll of teleportation for 54 gold pieces
 62180 | Vaults:3 | Acquired 610 gold pieces
 62696 | Vaults:2 | Found a runed translucent gate.
 62696 | Vaults:2 | Found a runed translucent gate.
 62698 | Vaults:2 | Found a runed translucent gate.
 62699 | Vaults:2 | Noticed astronautguy's ghost (master FoEE)
 62702 | Vaults:2 | Found the +3 Mad Mage's Maulers {Infuse+∞ VampMP -Cast}
 62704 | Vaults:2 | Found a roughly hewn altar of Beogh.
 62838 | Vaults:3 | Killed Frederick
 62838 | Vaults:3 | Received a gift from Okawaru
 64218 | Vaults:4 | Identified the +3 robe "Fiumyog" {Harm rF+ Dex-5 Archmagi}
 64218 | Vaults:4 | Noticed Boris
 64227 | Vaults:4 | Killed Boris
 65159 | Zot:1    | Reached skill level 15 in Dodging
 65165 | Zot:1    | Reached skill level 25 in Fighting
 65191 | Zot:1    | Received a gift from Okawaru
 65209 | Zot:1    | Reached XP level 23. HP: 154/234 MP: 31/31
 65418 | Zot:1    | Noticed an orb of fire
 65642 | Zot:1    | Found a transporter.
 65642 | Zot:1    | Noticed a curse toe
 65654 | Zot:1    | Noticed Xeywnuph's ghost (veteran DrRe)
 65656 | Zot:1    | Noticed a curse toe
 65705 | Zot:1    | Killed an orb of fire
 65967 | Zot:1    | Found a transporter.
 66034 | Zot:1    | Received a gift from Okawaru
 66312 | Zot:2    | Reached skill level 5 in Stealth
 66627 | Zot:3    | Noticed a curse toe
 66633 | Zot:3    | Killed a curse toe
 66762 | Zot:3    | Received a gift from Okawaru
 67658 | Zot:4    | Received a gift from Okawaru
 67709 | Zot:4    | Found a transporter.
 67719 | Zot:4    | Found a transporter.
 67721 | Zot:4    | Identified the +0 cloak of Lethargy {rElec Str-2 Slay+2}
 67727 | Zot:4    | Found a bloodstained altar of Trog.
 67731 | Zot:4    | Noticed Grunn
 69173 | Zot:4    | Reached XP level 24. HP: 241/245 MP: 31/31
 69197 | Zot:4    | Noticed an orb of fire
 69224 | Zot:3    | Killed an orb of fire
 69303 | Zot:4    | Received a gift from Okawaru
 69451 | Zot:4    | Killed Grunn
 69521 | Zot:4    | Identified the +2 cloak of Sunlight {rCorr}
 69523 | Zot:4    | Noticed Doopoh's ghost (master OnFi)
 69566 | Zot:5    | Entered Level 5 of the Realm of Zot
 70203 | Zot:5    | Reached skill level 26 in Fighting
 71925 | Zot:5    | Noticed an orb of fire
 71992 | Zot:5    | Noticed a dread lich
 71998 | Zot:5    | Killed a dread lich
 72004 | Zot:5    | Noticed an orb of fire
 72004 | Zot:5    | Gained mutation: Your magical capacity is low. (-10% MP)
                  | [an orb of fire]
 72018 | Zot:5    | Killed an orb of fire
 72187 | Zot:5    | Received a gift from Okawaru
 72207 | Zot:5    | Noticed a Killer Klown
 72207 | Zot:5    | Noticed an orb of fire
 72331 | Zot:5    | Killed an orb of fire
 72747 | Zot:5    | Killed a Killer Klown
 72781 | Zot:5    | Upgraded the game from 0.32-a0-314-g526f7d4993 to
                  | 0.32-a0-338-g4f8ebfe289
 73118 | Zot:5    | Noticed an orb of fire
 73136 | Zot:5    | Noticed an orb of fire
 73140 | Zot:5    | Killed an orb of fire
 73140 | Zot:5    | Gained mutation: Armour fits poorly on your strangely
                  | shaped body. [an orb of fire]
 73148 | Zot:5    | Gained mutation: Potions are less effective at restoring
                  | your health. [an orb of fire]
 73150 | Zot:5    | Noticed an ancient lich
 73151 | Zot:5    | Killed an orb of fire
 73151 | Zot:5    | Received a gift from Okawaru
 73192 | Zot:5    | Noticed an ancient lich
 73205 | Zot:5    | Killed an ancient lich
 73431 | Zot:5    | Gained mutation: You occasionally lose the ability to read
                  | scrolls when taking damage. [an orb of fire]
 73450 | Zot:5    | Killed an orb of fire
 73677 | Zot:5    | Lost mutation: Potions are less effective at restoring your
                  | health. [potion of mutation]
 73677 | Zot:5    | Lost mutation: You are partially covered in iridescent
                  | scales. (AC +2) [potion of mutation]
 73677 | Zot:5    | Lost mutation: Your magical capacity is low. (-10% MP)
                  | [potion of mutation]
 73677 | Zot:5    | Lost mutation: You are dopey. (Int -2) [potion of mutation]
 73677 | Zot:5    | Gained mutation: You have sharp fingernails. [potion of
                  | mutation]
 73678 | Zot:5    | Lost mutation: Your spells are a little easier to cast, but
                  | a little less powerful. [potion of mutation]
 73678 | Zot:5    | Lost mutation: You have sharp fingernails. [potion of
                  | mutation]
 73678 | Zot:5    | Lost mutation: You occasionally lose the ability to read
                  | scrolls when taking damage. [potion of mutation]
 73678 | Zot:5    | Gained mutation: Your mind is acute. (Int +4, Str/Dex -1)
                  | [potion of mutation]
 73700 | Zot:5    | Noticed an orb of fire
 73704 | Zot:5    | Gained mutation: You are weak. (Str -2) [an orb of fire]
 73712 | Zot:5    | Gained mutation: You sometimes lose your temper in combat.
                  | [an orb of fire]
 73721 | Zot:5    | Killed an orb of fire
 74001 | Zot:5    | Lost mutation: You have sharp toenails. [potion of
                  | mutation]
 74001 | Zot:5    | Lost mutation: You sometimes lose your temper in combat.
                  | [potion of mutation]
 74001 | Zot:5    | Gained mutation: You have sharp fingernails. [potion of
                  | mutation]
 74001 | Zot:5    | Gained mutation: You possess an exceptional clarity of
                  | mind. [potion of mutation]
 74055 | Zot:5    | Noticed a Killer Klown
 74109 | Zot:5    | Killed a Killer Klown
 74132 | Zot:5    | Killed an ancient lich
 74188 | Zot:5    | Got the Orb of Zot
 74293 | Zot:1    | Noticed Qaim the pandemonium lord
 74293 | Zot:1    | Noticed an ancient lich
 74471 | Depths:1 | Noticed Cinuzxyol the pandemonium lord
 74618 | D:11     | Noticed Susoej the pandemonium lord
 74779 | D:$      | Escaped with the Orb!

Illustrated notes

Levels and vault maps discovered:
D:1:      dpeg_arrival_pond, layout_basic
D:2:      layout_rooms, basic_altar, uniq_sigmund, uniq_crazy_yiuf_cottage,
          uniq_jessica
D:3:      layout_loops_ring, nicolae_overflow_hidden_temple, serial_shops,
          nicolae_lakefront_shop, shop, shop_statue, shop, shop
D:4:      layout_cave_pools, serial_park, serial_park_square2,
          serial_park_square3 [serial_park_minivault_5x5_8],
          serial_park_tiny_pond
D:5:      layout_cave_pools, nicolae_overflow_hallway_of_the_gods, serial_glass,
          glass_columns_b, glass_columns_b, nicolae_ossuary_entry_giza,
          kennysheep_small_circle
D:6:      layout_loops_cross, minmay_temple_entry_gardened_gates, uniq_pikel
D:7:      layout_basic
D:8:      layout_loops_ring, nemelex_xobeh_ov_fountains_minmay,
          lair_entry_dummy, serial_shops, nicolae_shop_tiny_glass,
          enter_bailey_3, uniq_jeremiah
D:9:      layout_small_grid, nicolae_yredelemnul_corpse_copse
D:10:     layout_roguey, bloody_makhleb, serial_undead, serial_undead_d,
          serial_undead_c, serial_undead_f, serial_undead_b,
          nicolae_zen_rock_garden
D:11:     layout_basic, orc_0_dummy
D:12:     layout_irregular_city, uniq_urug
D:13:     layout_cave_pools, david_vaults_4, gammafunk_ghost_cemetery,
          enter_trove_5
D:14:     layout_rooms, serial_park_tiny_2, serial_corexii_hall,
          corexii_hall_statues_l, corexii_hall_statues_x, nicolae_hexahallways,
          uniq_jorgrun
D:15:     grunt_enter_depths_giant_problem, layout_gridville, moated_statue,
          hex_large, nicolae_uskayaw_dance_hall, uniq_nessos
Temple:   minmay_temple_forest_path
Lair:1:   layout_cave_pods, chequers_serial_rivers_small_b, beast_lair_carwin_4,
          grunt_megastairs_4, uniq_gastronok
Lair:2:   layout_chaotic_city, minmay_shoals_entry_beasts, ebering_ghost_xom,
          st_stairs_5, cheibrodos_lair_caveside_slide, nicolae_lair_lil_pond
Lair:3:   layout_hall_layers, nicolae_snake_entry_squirm, lemuel_fruit_fields,
          infiniplex_staircase_pool
Lair:4:   cheibrodos_lair_overgrown_chateau, layout_misc_corridors,
          st_stairs_12, minmay_holes
Lair:5:   hellmonk_lair_end_abyssal_woods, layout_layer_cave, slime_entry_1,
          nzn_masters_of_martial_movement, uniq_sonja, uniq_josephine
Shoals:1: layout_shoals
Shoals:2: layout_shoals, nicolae_shoals_loop_pool
Shoals:3: layout_shoals, abandoned_shop, nicolae_shoals_aquamancer_cove
Shoals:4: shoals_end_grunt_ice, layout_shoals, serial_shops, shop, shop, shop
Snake:1:  layout_layer_cave
Snake:2:  layout_onion, uniq_vashnia
Snake:3:  layout_misc_corridors, uniq_aizul, uniq_donald
Snake:4:  grunt_snake_rune_spirals, layout_onion, serial_shops,
          nicolae_square_shop, minmay_shop_grove, uniq_louise
Slime:1:  layout_caves
Slime:2:  layout_caves, uniq_dissolution
Slime:3:  layout_caves, nicolae_slime_rock_hall_of_fame
Slime:4:  layout_caves, cheibrodos_slime_lost_civilization_7
Slime:5:  slime_pit_nicolae_jellycorners
Orc:1:    layout_caves, uniq_erolcha
Orc:2:    st_orc_town, layout_diamond_mine, basic_altar, uniq_saint_roka
Elf:1:    minmay_elf_arrival_circle, layout_geoelf_octagon,
          minmay_elf_demonology, nicolae_shop_vocational
Elf:2:    nicolae_elf_blades_crystal_corner, layout_loops_corners
Elf:3:    elf_hall, layout_geoelf_diagonals, serial_shops,
          nicolae_shop_overgrown_old_shop
Vaults:1: portal_desolation_entry_ruin, hangedman_vaults_pinch,
          hangedman_vaults_slice, nicolae_vaults_three_branches,
          nicolae_vaults_closet_pinwheel_2, v_misc_26, v_alt_pattern_3,
          v_misc_1, ontoclasm_vaults_misaligned, st_lines, vaults_room_pools,
          layout_vaults_maze_snakey, serial_shops, shop, uniq_boris
Vaults:2: biasface_ghost_orc_armoury, nicolae_vaults_enemy_cabinets,
          ontoclasm_vaults_tryst, v_alt_pattern_3, v_misc_13,
          ontoclasm_vaults_ring_small, grunt_vaults_swirl,
          vaults_standard_mumra_lines, v_misc_19, hangedman_vaults_impose,
          nicolae_vaults_tetromino_L_1, nicolae_vaults_theta,
          grunt_vaults_diagonal, nicolae_vaults_yaktaur_gun_rack,
          layout_vaults_omnicross
Vaults:3: minmay_crypt_entry_vampire_xt, dpeg_vaults_monster_box,
          nicolae_vaults_stand_back, nicolae_vaults_ninety_degrees,
          nicolae_vaults_storage_room_statues, hangedman_vaults_impose,
          layout_vaults_omnigrid, serial_shops, shop, uniq_frederick
Vaults:4: v_misc_31, nicolae_vaults_trapezoid_lopsided_4,
          nicolae_vaults_little_squares_3, ontoclasm_vaults_bender,
          nicolae_vaults_steering_wheel, vaults_mumra_hexcomb,
          ontoclasm_vaults_ligature, vaults_room_fancy_cross,
          nicolae_vaults_trapezoid_2, nicolae_vaults_network_square,
          nicolae_vaults_border_crossing, ontoclasm_vaults_pinch, v_misc_27,
          nicolae_vaults_double_plus_1, nicolae_vaults_trapezoid_4,
          layout_vaults_omnibox
Depths:1: layout_cave_pools, pf_hell_entry_great_geh, kennysheep_doodads,
          rand_demon_pan_entry_1, serial_library_hellmonk_room_b,
          nicolae_take_the_stairs, nicolae_rare_books, minivault_10,
          nicolae_transporter_circle, uniq_norris
Depths:2: dreamdust_under_siege, layout_cross, chequers_serial_rivers_large_a,
          hell_entry, abyss_entry, rand_demon_pan_entry_9, minmay_shop_star,
          infiniplex_staircase_pillars_3a
Depths:3: hangedman_elemental_death_ray, layout_cave_shapes, enter_ziggurat_d,
          okawaru_trees_1, abyss_entry_glasseish, hell_entry,
          grunt_megastairs_5, serial_bayou_shore_b, serial_bayou_shore_b
Depths:4: grunt_x_marks_the_spot, layout_gridville,
          abyss_entry_small_statue_room, rand_demon_pan_entry_7, abandoned_shop,
          serial_shops, shop, hell_entry
Zot:1:    layout_misc_corridors, gammafunk_ghost_arena
Zot:2:    layout_concentric_octagons
Zot:3:    layout_misc_corridors, regret_index_zotdec_stipple_waver, st_stairs_6,
          grunt_ministairs_15
Zot:4:    layout_misc_corridors, gammafunk_ghost_wrathful_warriors, uniq_grunn
Zot:5:    layout_basic

Skill      XL: |  1  2  3  4  5  6  7  8  9 10 11 12 13 14 15 16 17 18 19 20 21 22 23 24 |
---------------+-------------------------------------------------------------------------+-----
Armour         | 4 5 6 7 8 9 10 11 12 13 14 15 16 17 18 | 18.6
Fighting       | 4 5 6 7 8 10 12 13 15 16 18 20 21 23 24 25 26 | 26.5
Shields        | 4 5 6 8 10 12 13 15 17 18 19 20 22 23 | 23.8
Polearms       | 4 6 7 10 11 12 13 14 | 14.9
Dodging        | 1 2 3 5 6 7 8 9 10 11 12 13 14 15 16 | 16.2
Invocations    | 2 4 5 6 7 8 9 10 11 12 13 | 13.7
Evocations     | 2 4 5 6 7 8 9 10 11 12 13 | 13.8
Stealth        | 1 2 3 4 5 |  5.8
Throwing       | 2 3 5 6 7 8 9 10 11 12 13 14 | 14.5
Maces & Flails | 7 9 10 11 | 11.0

Action                     |  1- 3 |  4- 6 |  7- 9 | 10-12 | 13-15 | 16-18 | 19-21 | 22-24 || total
---------------------------+-------+-------+-------+-------+-------+-------+-------+-------++-------
  Melee: Trident           |    87 |   109 |   488 |   190 |       |       |       |       ||   874
         Headbutt          |    10 |    13 |    72 |   146 |   254 |   323 |   545 |   340 ||  1703
         Lance             |       |       |       |   523 |    91 |       |       |   924 ||  1538
         Demon trident     |       |       |       |       |  1151 |  1402 |  1969 |   408 ||  4930
         Whip              |       |       |       |       |       |   284 |       |       ||   284
  Throw: Javelin           |       |       |       |       |       |       |     9 |    47 ||    56
         Throwing net      |       |       |       |       |       |       |     3 |     3 ||     6
 Invoke: Heroism           |       |       |       |       |     9 |    12 |    12 |    12 ||    45
         Finesse           |       |       |       |       |     5 |     8 |     5 |     6 ||    24
         Receive Weapon    |       |       |       |       |     1 |       |       |       ||     1
         Receive Armour    |       |       |       |       |     1 |       |       |       ||     1
  Evoke: Wand              |       |       |       |       |       |     1 |     5 |     4 ||    10
    Use: Scroll            |     1 |     4 |     3 |    14 |     6 |     8 |    19 |    28 ||    83
         Potion            |     1 |       |       |    10 |     3 |       |    10 |    13 ||    37
   Stab: Distracted        |       |       |       |       |     1 |       |     5 |     6 ||    12
         Sleeping          |       |       |       |       |       |       |    10 |    18 ||    28
         Held in net/web   |       |       |       |       |       |       |     4 |     2 ||     6
         Invisible         |       |       |       |       |       |       |       |     1 ||     1
 Armour: Scale mail        |    46 |    49 |   187 |    59 |       |       |       |       ||   341
         Plate armour      |       |       |       |   169 |    40 |       |       |       ||   209
         Crystal plate arm |       |       |       |       |   435 |   524 |   438 |       ||  1397
         Gold dragon scale |       |       |       |       |       |       |    79 |       ||    79
         Shadow dragon sca |       |       |       |       |       |       |    58 |   352 ||   410
  Dodge: Dodged            |    30 |    33 |   164 |    95 |   224 |   374 |   396 |   238 ||  1554
  Block: Buckler           |    17 |    13 |    67 |       |       |       |       |       ||    97
         Kite shield       |       |       |    55 |   236 |   654 |  1148 |  1211 |   633 ||  3937
         Reflection        |       |       |       |       |       |   149 |    86 |    48 ||   283

Table legend: (Time is in decaauts)
 A = Elapsed time spent in this place.
 B = Non-inter-level travel time spent in this place.
 C = Inter-level travel time spent in this place.
 D = Time resting spent in this place.
 E = Time spent auto-exploring this place.
 F = Levels seen in this place.
 G = Mean time per level.
                   A        B        C        D        E       F      G
               +--------+--------+--------+--------+--------+-----+--------+
         Total |  72548 |  45943 |  26605 |  18492 |  13636 |  54 | 1343.5 |
       Dungeon |  16529 |  10689 |   5840 |   2347 |   6042 |  15 | 1101.9 |
        Temple |    167 |      2 |    165 |      0 |      0 |   1 |  167.0 |
          Lair |   7497 |   4703 |   2794 |    894 |   2594 |   5 | 1499.4 |
        Shoals |   3603 |   1887 |   1716 |    516 |    421 |   4 |  900.8 |
     Snake Pit |   8234 |   5254 |   2980 |   2892 |    755 |   4 | 2058.5 |
    Slime Pits |   4404 |   3201 |   1203 |   1912 |     20 |   5 |  880.8 |
  Orcish Mines |   2029 |   1464 |    565 |    220 |    703 |   2 | 1014.5 |
   Elven Halls |   5453 |   3842 |   1611 |   1394 |   1189 |   3 | 1817.7 |
        Vaults |   6948 |   3959 |   2989 |   1486 |   1342 |   4 | 1737.0 |
        Depths |   8696 |   5196 |   3500 |   3270 |    411 |   4 | 2174.0 |
           Zot |   8076 |   4838 |   3238 |   3250 |     68 |   5 | 1615.2 |
       Ossuary |    295 |    295 |      0 |      0 |     27 |   1 |  295.0 |
        Bailey |    612 |    612 |      0 |    308 |     62 |   1 |  612.0 |
               +--------+--------+--------+--------+--------+-----+--------+

Top non-repeatable levels by time:
 Snake:4: 4012 daAuts
   Zot:5: 3699 daAuts
Depths:4: 3510 daAuts
   Elf:3: 2607 daAuts
 Slime:5: 2599 daAuts
Vaults:3: 2458 daAuts
 Snake:1: 2385 daAuts
Depths:3: 2078 daAuts
Vaults:2: 2040 daAuts
Depths:2: 1988 daAuts
   Zot:3: 1927 daAuts
     D:8: 1872 daAuts
   Elf:2: 1819 daAuts
  Lair:5: 1729 daAuts
  Lair:2: 1711 daAuts
